 Dungeon Crawl Stone Soup version 0.31-a0-960-g0fca184906 (webtiles) character file.

Game seed: 14655833237966944838

43 gelatine the Changeling (level 3, 0/39 HPs)
             Began as a Demonspawn Shapeshifter on Oct 23, 2023.
             Slain by an orc
             ... wielding a +0 mace
              (6 damage)
             ... on level 3 of the Dungeon.
             The game lasted 00:03:11 (1033 turns).

gelatine the Changeling (Demonspawn Shapeshifter)   Turns: 1033, Time: 00:03:12

Health: 0/39       AC:  3    Str: 16    XL:     3   Next: 37%
Magic:  3/3        EV: 11    Int: 11    God:
Gold:   165        SH:  0    Dex: 12    Spells: 2/2 levels left

rFire   . .          .
                       - Unarmed
rCold   . . .        (no shield)
rNeg    . . .        p - +0 leather armour
rPois   .            (helmet currently unavailable)
rElec   .            (cloak currently unavailable)
rCorr   .            (gloves currently unavailable)
SInv    .            (boots currently unavailable)
Will    .....        k - amulet of the acrobat Stlth
                     (no ring)
HPRegen 0.26/turn    (no ring)
MPRegen 0.08/turn

%: acrobat
@: berserking, beast-form, very quick
A: beast (slay +1), demonic touch 1
a: Begin Untransformation


You were on level 3 of the Dungeon.
You were a hulking beast.
You visited 1 branch of the dungeon, and saw 3 of its levels.

You collected 165 gold pieces.

Inventory:

Missiles
 e - 5 stones (quivered)
 o - 2 javelins
Armour
 a - a +0 animal skin
 p - a +0 leather armour (worn)
Jewellery
 k - an amulet of the acrobat (around neck)
Talismans
 c - a beast talisman
 d - a flux talisman
Scrolls
 f - 2 scrolls of revelation {unknown}
 g - a scroll of silence {unknown}
 h - 2 scrolls of identify {unknown}
 l - a scroll of teleportation {unknown}
Potions
 b - a potion of lignification
 i - 2 potions of curing {unknown}
 j - a potion of heal wounds {unknown}
 m - a potion of cancellation {unknown}
 n - 2 potions of berserk rage


   Skills:
 * Level 1.3 Fighting
 + Level 0.1 Throwing
 + Level 2.0 Dodging
 + Level 0.5 Stealth
 * Level 3.1 Unarmed Combat
 * Level 3.2 Shapeshifting


You had 2 spell levels left.
You didn't know any spells.
Your spell library was empty.

Dungeon Overview and Level Annotations

Branches:
Dungeon (3/15)

Altars:
Gozag


Innate Abilities, Weirdness & Mutations

You are a hulking beast.
Your limbs bulge with bestial killing power. (Slay +1)
Your touch may inflict minor irresistible damage on your foes.


Message History

You now have 165 gold pieces (gained 9).
Done exploring.
Done exploring.
There is a stone staircase leading down here.
You climb downwards.
The orc shouts! x2; The orc priest shouts!
The endoplasm quivers.
Found a copper ring and a glowing leather armour.
There is a stone staircase leading up here.
The orc shouts!
You hit the endoplasm.
The endoplasm is lightly wounded.
You hit the endoplasm but do no damage.
The endoplasm is lightly wounded.
The endoplasm freezes you.
You are frozen.
The orc priest mumbles some strange prayers to Beogh against you.
Beogh smites you!
You hit the endoplasm but do no damage.
The endoplasm is lightly wounded.
The endoplasm hits you but does no damage.
You hit the endoplasm.
The endoplasm is almost dead.
The endoplasm hits you but does no damage.
The orc priest mumbles some strange prayers to Beogh against you.
Beogh smites you!
* * * LOW HITPOINT WARNING * * *
The giant cockroach barely misses you.
It was a potion of berserk rage.
A red film seems to cover your vision as you go berserk!
You feel yourself moving faster!
You feel mighty! The orc barely misses you.
The giant cockroach completely misses you.
The endoplasm jiggles.
The endoplasm completely misses you.
You are too berserk!
You punch the endoplasm!
You kill the endoplasm!
The giant cockroach bites you but does no damage.
The orc hits you with a +0 mace.
You die...

#########
........#
.......[#
........#
......oB#
....o..h#
=.....oo#
...o....#
........#
........#
#########


You could see an orc priest, 4 orcs and a giant cockroach.

Vanquished Creatures
  A gnoll (D:1)
  A worm (D:2)
  3 endoplasms
  2 giant cockroaches
  A goblin (D:2)
  3 hobgoblins (D:1)
  4 jackals (D:1)
  4 kobolds
  A quokka (D:1)
  A ball python (D:1)
  3 bats
  A frilled lizard (D:2)
  3 rats (D:1)
28 creatures vanquished.

Notes
Turn   | Place    | Note
-------+----------+-------------------------------------------
     0 | D:1      | gelatine the Demonspawn Shapeshifter began the quest for
                  | the Orb.
     0 | D:1      | Reached XP level 1. HP: 15/15 MP: 1/1
    38 | D:1      | Gained mutation: Your touch may inflict minor irresistible
                  | damage on your foes. [demonic ancestry]
    38 | D:1      | Reached XP level 2. HP: 19/21 MP: 2/2
   399 | D:1      | Reached XP level 3. HP: 19/26 MP: 3/3
   652 | D:2      | Found an opulent altar of Gozag.
  1033 | D:3      | Slain by an orc

Illustrated notes

Levels and vault maps discovered:
D:1:      dpeg_arrival_shrine, layout_basic
D:2:      layout_rooms, basic_altar, st_stairs_6, hex_tiny
D:3:      layout_rooms, uniq_jessica

Skill      XL: |  1  2 |
---------------+-------+-----
Shapeshifting  | 3 |  3.2
Dodging        | 2 |  2.0
Unarmed Combat | 3 |  3.1
Fighting       | |  1.3
Throwing       | |  0.1
Stealth        | |  0.5

Action                     || total
---------------------------++-------
  Melee: Unarmed           ||    78
         Touch             ||     9
         Punch             ||     1
  Throw: Stone             ||     4
    Use: Potion            ||     1
   Stab: Sleeping          ||     1
 Armour: Animal skin       ||    23
         Leather armour    ||     7
  Dodge: Dodged            ||    54

Table legend: (Time is in decaauts)
 A = Elapsed time spent in this place.
 B = Non-inter-level travel time spent in this place.
 C = Inter-level travel time spent in this place.
 D = Time resting spent in this place.
 E = Time spent auto-exploring this place.
 F = Levels seen in this place.
 G = Mean time per level.
                   A        B        C        D        E       F      G
               +--------+--------+--------+--------+--------+-----+--------+
         Total |   1030 |    957 |     73 |      0 |    732 |   3 |  343.3 |
       Dungeon |   1030 |    957 |     73 |      0 |    732 |   3 |  343.3 |
               +--------+--------+--------+--------+--------+-----+--------+

Top non-repeatable levels by time:
     D:1: 578 daAuts
     D:2: 445 daAuts
     D:3: 5 daAuts
